 Dungeon Crawl Stone Soup version 0.31-a0-426-g3a05650e59 (webtiles) character file.

Game seed: 16914080925461538955

5 Ofeo the Ruffian (level 1, 0/22 HPs)
             Began as a Demonspawn Shapeshifter on July 30, 2023.
             Slain by a hobgoblin (4 damage)
             ... on level 1 of the Dungeon.
             The game lasted 00:00:17 (83 turns).

Ofeo the Ruffian (Demonspawn Shapeshifter)            Turns: 83, Time: 00:00:18

Health: 0/22       AC: 20    Str: 15    XL:     1   Next: 66%
Magic:  1/1        EV:  2    Int:  9    God:
Gold:   6          SH:  0    Dex: 13    Spells: 0/0 levels left

rFire   . .          .
                       - Unarmed
rCold   . . .        (no shield)
rNeg    . . .        a - melded +0 animal skin
rPois   +            (helmet currently unavailable)
rElec   .            (cloak currently unavailable)
rCorr   .            (gloves currently unavailable)
SInv    .            (boots currently unavailable)
Will    .....        (no amulet)
Stlth   +            (no ring)
HPRegen 0.23/turn    (no ring)
MPRegen 0.07/turn

%: no passive effects
@: tree-form
A: stationary, stasis, torment immunity, boosted hp
a: no special abilities


You were on level 1 of the Dungeon.
You were a tree.
You visited 1 branch of the dungeon, and saw 1 of its levels.

You collected 6 gold pieces.

Inventory:

Armour
 a - a +0 animal skin (melded)
Talismans
 c - a beast talisman


   Skills:
 + Level 1.2 Fighting
 + Level 1.9 Dodging
 + Level 2.7 Unarmed Combat
 + Level 2.7 Shapeshifting


You couldn't memorise any spells.
You didn't know any spells.
Your spell library was empty.

Dungeon Overview and Level Annotations

Branches:
Dungeon (1/15)

Altars:

Shops:
D:1 !


Message History

You take 3 damage, and have 6/15 hp.
The kobold throws a stone.
The stone hits you. The quokka bites you.
* * * LOW HITPOINT WARNING * * *
You take 2 damage, and have 4/15 hp.
A hobgoblin comes into view.
There is an entrance to Zutt's Distillery here.
You hit the quokka.
The quokka is almost dead.
The quokka bites you.
* * * LOW HITPOINT WARNING * * *
You take 4 damage, and have 1/15 hp.
MASSIVE DAMAGE!!
Really quaff the potion of lignification? [Y]es or [N]o only, please.
Really quaff the potion of lignification? [Y]es or [N]o only, please.
Really quaff the potion of lignification?
Your transformation has ended.
You turn into a tree.
Your +0 animal skin melds into your body.
Your roots penetrate the ground.
You now have 2/22 hp.
You hit the quokka.
You kill the quokka!
The quokka bites you but does no damage.
You hit the quokka.
You kill the quokka!
The kobold hits you but does no damage.
You smack the kobold!
You kill the kobold!
You cannot move.
You swing at nothing.
You swing at nothing.
You swing at nothing.
You hit the hobgoblin.
The hobgoblin is moderately wounded.
The hobgoblin hits you but does no damage.
You barely miss the hobgoblin.
The hobgoblin is moderately wounded.
The hobgoblin hits you.
You die...

....#......#.#..#
.....#.....#....#
.....##.#.#......
.......†.........
.#.#.#.#........
#.#.......... #
#...#....####
#.##g#######
#...♣..# ####.#.#
#...# #### ##..#
.....##..#
#.......#
#...##.##
##.###.# #
##.##.#


You could see a hobgoblin.

Vanquished Creatures
  A hobgoblin (D:1)
  2 quokkas (D:1)
  A frilled lizard (D:1)
  A kobold (D:1)
5 creatures vanquished.

Notes
Turn   | Place    | Note
-------+----------+-------------------------------------------
     0 | D:1      | Ofeo the Demonspawn Shapeshifter began the quest for the
                  | Orb.
     0 | D:1      | Reached XP level 1. HP: 15/15 MP: 1/1
    48 | D:1      | Found Zutt's Distillery.
    83 | D:1      | Slain by a hobgoblin

Illustrated notes

Levels and vault maps discovered:
D:1:      dpeg_arrival_arbitrary_b, layout_basic, serial_shops, shop

Action                     || total
---------------------------++-------
  Melee: Unarmed           ||    12
    Use: Potion            ||     1
 Armour: Skin              ||     3
         Animal skin       ||     1
  Dodge: Dodged            ||     4

Table legend: (Time is in decaauts)
 A = Elapsed time spent in this place.
 B = Non-inter-level travel time spent in this place.
 C = Inter-level travel time spent in this place.
 D = Time resting spent in this place.
 E = Time spent auto-exploring this place.
 F = Levels seen in this place.
 G = Mean time per level.
                   A        B        C        D        E       F      G
               +--------+--------+--------+--------+--------+-----+--------+
         Total |     82 |     82 |      0 |      0 |     52 |   1 |   82.0 |
       Dungeon |     82 |     82 |      0 |      0 |     52 |   1 |   82.0 |
               +--------+--------+--------+--------+--------+-----+--------+

Top non-repeatable levels by time:
     D:1: 82 daAuts
